Map: Iron Fortress LE (Void)

Players

Wintersc2 (Winter)

  • Race: Zerg Zerg

CatZ - Winner!

  • Race: Zerg Zerg

VOD

Have the link to the VOD?

Description

Time

  • Played on: April 7, 2015, 2:20 a.m.
  • Length: 8:06
Show
View Real Time Build Order
Export as new Build Order

Wintersc2 Zerg 

Build Orders: Hatch First 

Get SALT Encoding   

  12  0:00  Drone  
  13  0:15  Overlord  
  13  0:18  Drone  
  14  0:34  Drone x2  
  16  0:39  Drone  
  17  0:50  Drone  
  18  0:57  Hatchery  
  18  1:00  Drone  
  18  1:09  Extractor  
  18  1:10  Drone  
  18  1:19  Spawning Pool  
  18  1:22  Drone  
  18  1:38  Drone  
  19  1:42  Drone  
  20  1:52  Overlord  
  20  2:06  Queen  
  22  2:08  Queen  
  22  2:09  Zergling x2  
  22  2:10  Zergling x2  
  22  2:11  Metabolic Boost  
  25  2:34  Zergling x2  
  26  2:37  Baneling Nest  
  26  2:38  Zergling x8  
  26  2:43  Zergling x2  
  29  2:51  Zergling x2  
  29  2:56  Zergling x2  
  28  3:00  Zergling x2  
  28  3:05  Drone  
  26  3:06  Queen  
  26  3:10  Zergling x2  
  29  3:13  Zergling x2  
  29  3:19  Zergling x2  
  30  3:20  Zergling x2  
  30  3:23  Zergling x2  
  30  3:24  Baneling  
  30  3:25  Baneling  
  32  3:27  Baneling  
  32  3:31  Zergling x2  
  32  3:33  Zergling x2  
  29  3:36  Zergling x2  
  28  3:44  Zergling x2  
  28  3:47  Zergling x2  
  24  3:56  Zergling x2  
  23  4:06  Baneling  
  21  4:11  Zergling x2  
  21  4:16  Zergling x2  
  23  4:17  Baneling  
  23  4:21  Zergling x2  
  20  4:34  Zergling x6  
  15  4:54  Zergling x2  
  15  4:56  Zergling x2  
  15  4:59  Zergling x2  
  18  5:02  Baneling  
  18  5:03  Zergling x2  
  19  5:08  Zergling x2  
  20  5:16  Zergling x2  
  20  5:17  Zergling x2  
  15  5:37  Zergling x2  
  14  5:44  Zergling x6  
  14  5:45  Zergling x2  
  17  5:57  Zergling x4  
  19  6:06  Zergling x2  
  19  6:09  Drone  
  20  6:13  Baneling  
  19  6:22  Zergling x2  
  19  6:29  Drone  
  19  6:30  Zergling x2  
  19  6:39  Zergling x2  
  19  6:47  Drone x2  
  19  6:53  Baneling  
  19  6:54  Zergling x2  
  21  7:04  Zergling x2  
  17  7:10  Zergling x2  
  17  7:15  Zergling x4  
  20  7:21  Zergling x2  
  19  7:27  Zergling x2  
  19  7:32  Zergling x2  
Show
View Real Time Build Order
Export as new Build Order

CatZ Zerg - Winner!

Build Orders: Pool First, Zergling Baneling 

Get SALT Encoding   

  12  0:01  Drone  
  13  0:10  Drone  
  14  0:22  Extractor  
  14  0:28  Spawning Pool  
  12  0:30  Drone  
  13  0:36  Drone  
  14  0:47  Overlord  
  14  1:14  Queen  
  14  1:15  Zergling x4  
  14  1:16  Zergling x2  
  19  1:22  Metabolic Boost  
  19  1:26  Zergling x2  
  20  1:39  Zergling x2  
  21  1:44  Baneling Nest  
  20  1:56  Zergling x2  
  21  2:04  Zergling x2  
  22  2:11  Overlord  
  21  2:31  Baneling x3  
  21  2:32  Baneling  
  21  2:34  Zergling x10  
  26  2:48  Zergling x2  
  26  3:03  Zergling x8  
  25  3:10  Baneling x2  
  25  3:20  Zergling x4  
  25  3:23  Baneling  
  25  3:24  Baneling  
  27  3:29  Zergling x2  
  27  3:36  Baneling  
  27  3:40  Zergling x6  
  25  3:46  Zergling x4  
  24  4:01  Zergling x2  
  24  4:08  Zergling x2  
  24  4:10  Baneling x2  
  24  4:15  Zergling x2  
  24  4:18  Baneling  
  23  4:34  Zergling x2  
  23  4:36  Zergling x2  
  22  4:39  Zergling x6  
  22  4:40  Zergling x2  
  24  4:51  Zergling x2  
  22  5:09  Baneling x2  
  22  5:10  Hatchery, Zergling x2  
  22  5:19  Zergling x2  
  21  5:21  Baneling x2  
  21  5:31  Zergling x4  
  19  5:37  Zergling x2  
  19  5:40  Zergling x2  
  21  5:46  Zergling x2  
  21  5:52  Baneling x2  
  20  6:00  Zergling x4  
  21  6:15  Zergling x8  
  25  6:20  Zergling x2  
  25  6:28  Zergling x2  
  25  6:33  Baneling  
  24  6:46  Zergling x2  
  20  7:24  Zergling x6  
  20  7:28  Zergling x4  
  24  7:33  Zergling x2  
  24  7:35  Zergling x2  
  26  7:39  Zergling x6  
Tags
 
Add a new tag
Caveats
  • Supply blocks, unpowered buildings, or Contaminate may cause inaccurate times.
  • Supply counts are checked every 10 seconds.